 Dungeon Crawl Stone Soup version 0.26-a0-812-g31a745ddcd (webtiles) character file.

Game seed: 15670642687432655532

991 funkygono the Conjurer (level 7, -12/51 HPs)
             Began as a Pale Draconian Conjurer on Nov 22, 2020.
             Was a Follower of Vehumet.
             Mangled by an orc warrior
             ... wielding a +0 battleaxe
              (25 damage)
             ... on level 5 of the Dungeon.
             The game lasted 00:12:17 (5218 turns).

funkygono the Conjurer (Pale Draconian Conjurer)    Turns: 5218, Time: 00:12:18

Health: -12/51     AC:  8    Str:  9    XL:     7   Next: 98%
Magic:  14/16      EV: 13    Int: 21    God:    Vehumet [*.....]
Gold:   317        SH:  0    Dex: 15    Spells: 8/18 levels left

rFire    . . .     SeeInvis .   c - +4 whip (pain)
rCold    . . .     Faith    .   (no shield)
rNeg     . . .     Spirit   .   (armour unavailable)
rPois    .         Reflect  .   (helmet restricted)
rElec    .         Harm     .   o - +1 cloak
rCorr    .         Rampage  .   (no gloves)
MR       .....                  (no boots)
Stlth    ++........             e - amulet of magic regeneration
HPRegen  0.17/turn              i - +6 ring of dexterity
MPRegen  0.40/turn              (no ring)

@: no status effects
A: breathe steam, unfitting armour, cold-blooded, AC +6
a: Breathe Steam, Renounce Religion


You were on level 5 of the Dungeon.
You worshipped Vehumet.
Vehumet was aware of your devotion.
You visited 2 branches of the dungeon, and saw 7 of its levels.

You collected 317 gold pieces.

Inventory:

Hand Weapons
 c - a +4 whip of pain (weapon)
 q - a +2 flail of venom
Armour
 k - a +0 buckler
 o - a +1 cloak (worn)
Jewellery
 e - an amulet of magic regeneration (around neck)
 i - a +6 ring of dexterity (left hand)
Wands
 r - a wand of random effects (16)
Scrolls
 a - 2 scrolls of remove curse
 j - a scroll of amnesia
Potions
 b - 4 potions of curing
 d - a potion of heal wounds
 f - 2 potions of haste
 g - a potion of lignification {unknown}
 h - a potion of ambrosia
 l - a potion of degeneration {unknown}
 m - a potion of might
 n - a potion of mutation
 p - 2 potions of brilliance {unknown}


   Skills:
 + Level 0.6 Fighting
 + Level 0.4 Maces & Flails
 + Level 2.5 Dodging
 - Level 1.7 Stealth
 + Level 6.3 Spellcasting
 + Level 6.6 Conjurations
 * Level 2.3 Translocations


You had 8 spell levels left.
You knew the following spells:

 Your Spells              Type           Power        Failure   Level
a - Magic Dart            Conj           ####         1%          1
b - Searing Ray           Conj           ####..       1%          2
c - Dazzling Flash        Conj/Hex       ###...       8%          3
d - Iskenderun's Mystic   Conj/Tloc      ####....     16%         4

Your spell library contained the following spells:

 Spells                   Type           Power        Failure   Level
 Freeze                   Ice            #...         10%         1
 Fulminant Prism          Conj/Hex       ###.......   24%         4


Dungeon Overview and Level Annotations

Branches:
Dungeon (6/15)             Temple (1/1) D:4

Altars:
Ashenzari
Cheibriados
Dithmenos
Elyvilon
Gozag
Hepliaklqana
Kikubaaqudgha
Makhleb
Nemelex Xobeh
Qazlal
Sif Muna
Trog
Uskayaw
Vehumet
Wu Jian
Xom
Yredelemnul

Shops:
D:5 ?


Innate Abilities, Weirdness & Mutations

You can breathe blasts of scalding, opaque steam.
Your pale cyan-grey scales are hard. (AC +6)
You cannot fit into any form of body armour.
You are cold-blooded and may be slowed by cold attacks.


Message History

Press: ? - help, Shift-Dir - straight line, f - ufetubus
Aim: an ufetubus The searing ray hits the ufetubus!
You kill the ufetubus!
Vehumet accepts your kill.
The searing ray misses the orc warrior. (Press . to maintain the ray.)
The searing ray hits the orc warrior.
The orc warrior is moderately wounded.
The searing ray hits the orc.
The orc is almost dead.
The orc warrior hits you with a +0 battleaxe!
* * * LOW HITPOINT WARNING * * *
Unknown command.
The searing ray misses the orc warrior.
The searing ray hits the orc.
You kill the orc!
Vehumet accepts your kill.
You feel your power returning.
The orc warrior hits you with a +0 battleaxe!!
You die...

##.###...## ###....#.###...###
##..##.....###............#....
#....###..>.#.....#.#.......#.#
##...##..[.....##.#####.[...###
##.............#.####.........
##.....##..........#.#.......#.
#..##...#.[...).............##.
###..####..)...#o#.##.###........
#...#.###....###@#.##.##.......##
#...#...#.............##.......[.
.........#.<...............÷.#...
..#.....#......#.........#...##..
###.....#..............####......
#......................#.#......
###.........................###.
##........................##..
####...##.....8.<.∩.8....#..#


You could see an orc warrior.

Vanquished Creatures
  A water moccasin (D:5)
  A sky beast (D:5)
  A centaur (D:5)
  A scorpion (D:5)
  A howler monkey (D:5)
  A jelly (D:3)
  A hound (D:5)
  3 orc priests (D:4)
  6 orc wizards (D:4)
  2 worker ants
  Terence (D:3)
  4 gnolls
  5 adders
  A river rat (D:5)
  A white imp (D:5)
  An ufetubus (D:5)
  5 worms
  2 dart slugs
  3 leopard geckos
  22 orcs
  4 ball pythons
  6 giant cockroaches
  6 goblins
  9 hobgoblins
  3 jackals (D:3)
  2 quokkas
  7 bats
  5 frilled lizards
  5 kobolds
  A leopard gecko skeleton (D:4)
  8 rats
119 creatures vanquished.

Notes
Turn   | Place    | Note
-------+----------+-------------------------------------------
     0 | D:1      | funkygono the Draconian Conjurer began the quest for the
                  | Orb.
     0 | D:1      | Reached XP level 1. HP: 14/14 MP: 3/3
   382 | D:1      | Reached XP level 2. HP: 20/20 MP: 3/5
  1104 | D:1      | Reached XP level 3. HP: 26/26 MP: 3/6
  1376 | D:1      | Learned a level 2 spell: Searing Ray
  1380 | D:1      | Learned a level 3 spell: Dazzling Flash
  1456 | D:2      | Found an opulent altar of Gozag.
  1456 | D:2      | Found a burning altar of Makhleb.
  1854 | D:2      | Reached skill level 5 in Conjurations
  1874 | D:2      | Reached XP level 4. HP: 34/34 MP: 3/8
  2404 | D:3      | Noticed Terence
  2419 | D:3      | Killed Terence
  2419 | D:3      | Reached XP level 5. HP: 39/39 MP: 5/10
  2999 | D:4      | Reached XP level 6. HP: 46/46 MP: 6/12
  3160 | D:4      | Reached skill level 5 in Spellcasting
  3455 | D:4      | Found a shimmering blue altar of Sif Muna.
  3580 | D:4      | Found a staircase to the Ecumenical Temple.
  3598 | Temple   | Entered the Ecumenical Temple
  3672 | Temple   | Became a worshipper of Vehumet
  3841 | D:4      | Learned a level 4 spell: Iskenderun's Mystic Blast
  4120 | D:5      | Entered Level 5 of the Dungeon
  4123 | D:5      | Reached skill level 1 in Translocations
  4123 | D:5      | Your scales start taking on a pale cyan-grey colour.
  4123 | D:5      | Reached XP level 7. HP: 46/51 MP: 10/14
  4828 | D:5      | Found Taole's Magic Scroll Emporium.
  4845 | D:5      | Reached * piety under Vehumet
  4845 | D:5      | Offered knowledge of Freeze by Vehumet.
  5218 | D:5      | Mangled by an orc warrior

Illustrated notes

Levels and vault maps discovered:
D:1:      psy_arrival_spokes, layout_basic
D:2:      layout_rooms, gammafunk_temple_overflow_elements, serial_forest,
          infiniplex_forest_straight_5, infiniplex_forest_straight_3,
          infiniplex_forest_lined_corner, infiniplex_forest_zigzag_1,
          infiniplex_forest_lined_4_way, infiniplex_forest_straight_1
D:3:      layout_basic, uniq_terence
D:4:      layout_basic, old_standard_altar, temple_pool_b, nrook_loot_triangle,
          grunt_ministairs_2, palyth_stone_intersect
D:5:      layout_cave_pools, serial_shops, shop_statue, portal_sewer_entry_e
D:6:      layout_cave_pods, serial_shops, nicolae_shop_waterfront
Temple:   nicolae_temple_elliptical

Skill      XL: |  1  2  3  4  5  6  7 |
---------------+----------------------+-----
Dodging        | 2 |  2.5
Conjurations   | 5 6 |  6.6
Spellcasting   | 3 4 5 6 |  6.3
Translocations | 1 2 |  2.3
Fighting       | |  0.6
Maces & Flails | |  0.4
Stealth        | |  1.7

Action                   |  1- 3 |  4- 6 |  7- 9 || total
-------------------------+-------+-------+-------++-------
Melee: Unarmed           |     4 |       |       ||     4
       Club              |     4 |       |       ||     4
       Tailslap          |     1 |     1 |       ||     2
       Whip              |     7 |     5 |     3 ||    15
 Cast: Magic Dart        |    80 |    77 |    42 ||   199
       Searing Ray       |     2 |    21 |    15 ||    38
 Abil: Breathe Steam     |       |       |     1 ||     1
  Use: Scroll            |     5 |    13 |       ||    18
       Potion            |       |     1 |       ||     1
Armor: Skin              |     7 |     7 |     9 ||    23
Dodge: Dodged            |    15 |    11 |    25 ||    51

Table legend: (Time is in decaauts)
 A = Elapsed time spent in this place.
 B = Non-inter-level travel time spent in this place.
 C = Inter-level travel time spent in this place.
 D = Time resting spent in this place.
 E = Time spent auto-exploring this place.
 F = Levels seen in this place.
 G = Mean time per level.
                   A        B        C        D        E       F      G
               +--------+--------+--------+--------+--------+-----+--------+
         Total |   5230 |   5076 |    154 |      0 |   4385 |   7 |  747.1 |
       Dungeon |   5121 |   5001 |    120 |      0 |   4319 |   6 |  853.5 |
        Temple |    108 |     74 |     34 |      0 |     66 |   1 |  108.0 |
               +--------+--------+--------+--------+--------+-----+--------+

Top non-repeatable levels by time:
     D:1: 1403 daAuts
     D:4: 1373 daAuts
     D:5: 1095 daAuts
     D:3: 631 daAuts
     D:2: 612 daAuts
  Temple: 108 daAuts
     D:6: 5 daAuts
